Red Wings vs Kings
Created - February 20, 2023 at 19:58
Goals
|
| Red Wings |
0 |
1 |
0 |
1 |
| Kings |
2 |
2 |
0 |
4 |
|
Shots
|
| Red Wings |
11 |
9 |
13 |
33 |
| Kings |
16 |
7 |
10 |
33 |
|
1st period
1. Kings , Kyle Okposo 10 (William Nylander 12, Mitch Marner 14) at 18:53
2. Kings , William Nylander 9 (Rasmus Ristolainen 25, Mitch Marner 15) at 19:45
Penalties :
No Penalty
2nd period
3. Kings , William Nylander 10 (Mikko Rantanen 10) at 0:56 (PP)
4. Red Wings , Henrik Zetterberg 14 (Tyler Bertuzzi 3, Nino Niederreiter 28) at 5:43 (PP)
5. Kings , Rasmus Ristolainen 14 (Alexander Kerfoot 22, Mikko Rantanen 11) at 9:43 (PP)
Penalties :
Henrik Zetterberg (Det) for Slashing (Minor) at 0:19, Ilya Kovalchuk (L.A) for High sticking (Minor) at 5:17, Henrik Zetterberg (Det) for Hooking (Minor) at 6:19, Connor Brown (Det) for Cross-checking (Minor) at 9:30, Mikko Rantanen (L.A) for Roughing (Minor) at 13:01, Tomas Kundratek (Det) for Slashing (Minor) at 18:12
3rd period
No Goal
Penalties :
Ilya Kovalchuk (L.A) for Tripping (Minor) at 4:32, Jeff Schultz (L.A) for Interference (Minor) at 18:41
Goalie Stats
Robin Lehner (Det), 29 saves from 33 shots - (0.879), L, 14-17-6, 60:00 minutes
Petr Mrazek (L.A), 32 saves from 33 shots - (0.970), W, 18-12-1, 60:00 minutes
Players Stats for Red Wings
Player Name G A P +/- PIM S H SB GA TA FO MP PP MP PK MP
------------------------------------------------------------------------------------
Beau Bennett 0 0 0 0 0 0 0 1 0 0 0/1 7:33 0:00 0:00
Carson Mcmillan 0 0 0 0 0 1 1 0 1 0 0/1 13:06 0:00 3:21
Cody Franson 0 0 0 0 0 0 0 2 1 0 0/0 14:45 0:00 0:00
Connor Brown 0 0 0 -1 2 3 1 0 2 0 1/1 19:08 3:10 0:00
Drew Fata 0 0 0 -1 0 1 3 0 2 1 0/0 23:58 2:33 2:56
Dylan Larkin 0 0 0 -1 0 3 0 0 1 0 0/1 18:45 2:32 0:31
Erik Gudbranson 0 0 0 -1 0 1 3 0 2 0 0/0 24:59 3:09 2:56
Henrik Zetterberg 1 0 1 -1 4 2 1 0 0 0 21/29 19:31 3:03 0:00
Jamie Arniel 0 0 0 0 0 1 1 0 1 0 1/2 11:07 0:07 0:56
Marko Dano 0 0 0 -1 0 4 1 1 0 1 0/0 18:45 2:32 0:31
Michael Haley 0 0 0 0 0 0 1 2 0 1 0/0 9:20 0:07 0:56
Nino Niederreiter 0 1 1 -1 0 8 1 0 1 0 0/0 19:02 3:03 0:00
Philip Samuelsson 0 0 0 -1 0 2 3 0 0 0 0/0 20:16 2:33 1:52
Ryan O'Byrne 0 0 0 -1 0 2 1 1 0 0 0/0 17:41 0:00 1:52
Ryan O'Reilly 0 0 0 -1 0 0 0 0 0 0 10/22 18:14 2:32 0:00
T.J. Hensick 0 0 0 0 0 2 1 0 0 1 1/8 11:06 0:00 3:21
Tomas Kundratek 0 0 0 0 2 1 0 0 0 0 0/0 14:56 0:00 0:00
Tyler Bertuzzi 0 1 1 0 0 2 0 0 0 0 0/0 12:56 3:09 0:00
Players Stats for Kings
Player Name G A P +/- PIM S H SB GA TA FO MP PP MP PK MP
------------------------------------------------------------------------------------
Alexander Kerfoot 0 1 1 0 0 1 2 0 0 0 11/18 15:16 2:22 0:00
Auston Matthews 0 0 0 0 0 3 0 0 0 0 5/14 15:01 2:26 0:30
Benoit Pouliot 0 0 0 0 0 3 0 0 0 0 0/0 14:12 0:00 1:43
Ilya Kovalchuk 0 0 0 0 4 2 1 0 0 0 0/0 14:20 0:00 1:50
Jake McCabe 0 0 0 0 0 3 1 2 1 3 0/0 21:53 0:00 2:43
Jason Pominville 0 0 0 0 0 0 1 0 0 0 0/0 11:48 0:00 0:47
Jeff Schultz 0 0 0 0 2 2 0 0 1 1 0/0 22:30 0:00 2:01
Jujhar Khaira 0 0 0 0 0 0 6 0 0 0 0/1 16:25 1:17 1:08
Kyle Clifford 0 0 0 0 0 2 1 0 1 1 0/1 16:07 2:26 2:01
Kyle Okposo 1 0 1 2 0 4 0 0 0 0 5/12 16:05 3:31 0:00
Logan Couture 0 0 0 0 0 3 0 0 0 0 7/15 14:32 0:00 3:25
Mikko Rantanen 0 2 2 0 2 0 1 0 0 0 2/3 15:53 2:22 0:00
Mitch Marner 0 2 2 2 0 1 1 1 1 0 0/0 14:51 2:26 0:00
Ole-Kristian Tollefsen 0 0 0 2 0 3 3 0 0 1 0/0 23:04 0:00 2:59
Rasmus Ristolainen 1 1 2 2 0 3 2 3 0 4 0/0 23:18 3:31 0:58
Robert Hagg 0 0 0 0 0 0 0 2 0 0 0/0 11:59 0:00 2:43
Thomas Chabot 0 0 0 0 0 0 0 1 0 0 0/0 12:04 1:17 0:00
William Nylander 2 1 3 2 0 3 0 0 0 1 1/1 14:55 2:22 0:00
3 Stars
1 - William Nylander (L.A)
2 - Rasmus Ristolainen (L.A)
3 - Petr Mrazek (L.A)
Power Play
Red Wings - 1 on 5 Attempt(s) - 20.00%
Kings - 2 on 4 Attempt(s) - 50.00%
Penalty Kill
Red Wings - 2 on 4 Attempt(s) - 50.00%
- Score 0 goal in Penalty Kill
Kings - 4 on 5 Attempt(s) - 80.00%
- Score 0 goal in Penalty Kill
Team Stat
Red Wings - Hits : 18 - Faceoff Wins : 34 - Blocked Shots : 7 - Penalty Minutes : 8
Kings - Hits : 19 - Faceoff Wins : 31 - Blocked Shots : 9 - Penalty Minutes : 8
Official
Referees : Reid Anderson and Conor O'Donnell
Linesman : David Brisebois and Devin Berg
Game Notes
18:21 of 1st period - Penalty Shot by Ole-Kristian Tollefsen for Kings - Stopped by Robin Lehner
0:56 of 2nd period - Kings goal is going for a video replay. After video review, Goal.
Finance
Level 1 -- Attendance: 6000 (100.00%) -- Ticket Income $600,000
Level 2 -- Attendance: 4433 (88.66%) -- Ticket Income $265,980
Level 3 -- Attendance: 1858 (92.90%) -- Ticket Income $65,030
Level 4 -- Attendance: 3991 (99.78%) -- Ticket Income $99,775
Luxury Box -- Attendance: 976 (97.60%) -- Ticket Income $195,200
Game was played at the Staples Center.
Total Attendance: 17258 (95.88%)
Total Ticket Income: $1,225,985
Other Income: $183,898
Total Income: $1,409,883
Red Wings
5 vs 5 Forward
Center Left Wing Right Wing Time % Phy DF OF
1 Henrik Zetterberg Nino Niederreiter Connor Brown 35 1 2 2
2 Ryan O'Reilly Marko Dano Dylan Larkin 35 1 2 2
3 Jamie Arniel Tyler Bertuzzi Carson Mcmillan 20 1 2 2
4 T.J. Hensick Michael Haley Beau Bennett 10 1 2 2
5 vs 5 Defense
Defense Defense Time % Phy DF OF
1 Erik Gudbranson Drew Fata 40 0 2 3
2 Philip Samuelsson Ryan O'Byrne 30 1 2 2
3 Tomas Kundratek Cody Franson 20 1 2 2
4 Tomas Kundratek Cody Franson 10 1 2 2
PowerPlay Forward
Center Left Wing Right Wing Time % Phy DF OF
1 Henrik Zetterberg Nino Niederreiter Connor Brown 60 1 0 4
2 Ryan O'Reilly Marko Dano Dylan Larkin 40 1 0 4
PowerPlay Defense
Defense Defense Time % Phy DF OF
1 Tyler Bertuzzi Erik Gudbranson 60 0 1 4
2 Philip Samuelsson Drew Fata 40 0 1 4
Penalty Kill 4 Players Forward
Center Wing Time % Phy DF OF
1 T.J. Hensick Carson Mcmillan 60 1 2 2
2 Jamie Arniel Michael Haley 40 1 2 2
Penalty Kill 4 Players Defense
Defense Defense Time % Phy DF OF
1 Erik Gudbranson Drew Fata 60 1 2 2
2 Ryan O'Byrne Philip Samuelsson 40 1 2 2
Penalty Kill - 3 Players Forward
Forward Time % Phy DF OF
1 Carson Mcmillan 60 1 2 2
2 Michael Haley 40 1 2 2
Penalty Kill - 3 Players Defense
Defense Defense Time % Phy DF OF
1 Drew Fata Erik Gudbranson 60 1 2 2
2 Philip Samuelsson Ryan O'Byrne 40 1 2 2
4 vs 4 Forward
Center Wing Time % Phy DF OF
1 Connor Brown Nino Niederreiter 60 1 2 2
2 Ryan O'Reilly Marko Dano 40 1 2 2
4 vs 4 Defense
Defense Defense Time % Phy DF OF
1 Erik Gudbranson Philip Samuelsson 60 1 2 2
2 Drew Fata Cody Franson 40 1 2 2
Last Minutes Offensive
Center Left Wing Right Wing Defense Defense
Henrik Zetterberg Nino Niederreiter Connor Brown Erik Gudbranson Philip Samuelsson
Last Minutes Defensive
Center Left Wing Right Wing Defense Defense
T.J. Hensick Michael Haley Carson Mcmillan Drew Fata Erik Gudbranson
Goaltenders
Starting : Robin Lehner
Backup : Mike McKenna
Extra Forwards
Normal : Carson Mcmillan, Dylan Larkin, T.J. Hensick - PP : Jamie Arniel, Tyler Bertuzzi - PK : T.J. Hensick
Extra Defensemen
Normal : Erik Gudbranson, Cody Franson, Philip Samuelsson - PP : Tomas Kundratek - PK : Cody Franson, Drew Fata
Penalty Shots
Connor Brown, Dylan Larkin, Nino Niederreiter, Marko Dano, Henrik Zetterberg
Scratches
David Rundblad (Healthy), Sergei Kostitsyn (Healthy)
Kings
5 vs 5 Forward
Center Left Wing Right Wing Time % Phy DF OF
1 Logan Couture Kyle Clifford Jason Pominville 25 2 2 1
2 Auston Matthews Benoit Pouliot Ilya Kovalchuk 25 1 2 2
3 Alexander Kerfoot Jujhar Khaira Mikko Rantanen 25 1 2 2
4 Kyle Okposo William Nylander Mitch Marner 25 1 2 2
5 vs 5 Defense
Defense Defense Time % Phy DF OF
1 Jake McCabe Jeff Schultz 40 1 3 1
2 Ole-Kristian Tollefsen Rasmus Ristolainen 40 1 3 1
3 Thomas Chabot Robert Hagg 15 1 3 1
4 Jeff Schultz Thomas Chabot 5 1 3 1
PowerPlay Forward
Center Left Wing Right Wing Time % Phy DF OF
1 Auston Matthews Kyle Clifford Mitch Marner 50 0 1 4
2 Alexander Kerfoot William Nylander Mikko Rantanen 50 0 1 4
PowerPlay Defense
Defense Defense Time % Phy DF OF
1 Kyle Okposo Rasmus Ristolainen 70 0 2 3
2 Thomas Chabot Jujhar Khaira 30 0 3 2
Penalty Kill 4 Players Forward
Center Wing Time % Phy DF OF
1 Logan Couture Ilya Kovalchuk 60 0 4 1
2 Jason Pominville Jujhar Khaira 40 0 4 1
Penalty Kill 4 Players Defense
Defense Defense Time % Phy DF OF
1 Ole-Kristian Tollefsen Jeff Schultz 60 1 4 0
2 Jake McCabe Robert Hagg 40 1 4 0
Penalty Kill - 3 Players Forward
Forward Time % Phy DF OF
1 Logan Couture 60 1 2 2
2 Jujhar Khaira 40 1 2 2
Penalty Kill - 3 Players Defense
Defense Defense Time % Phy DF OF
1 Ole-Kristian Tollefsen Jeff Schultz 60 1 2 2
2 Robert Hagg Jake McCabe 40 1 2 2
4 vs 4 Forward
Center Wing Time % Phy DF OF
1 Auston Matthews Kyle Clifford 60 1 2 2
2 Logan Couture Mikko Rantanen 40 1 2 2
4 vs 4 Defense
Defense Defense Time % Phy DF OF
1 Jake McCabe Jeff Schultz 60 1 2 2
2 Robert Hagg Rasmus Ristolainen 40 1 2 2
Last Minutes Offensive
Center Left Wing Right Wing Defense Defense
Auston Matthews Kyle Clifford Mikko Rantanen Jake McCabe Rasmus Ristolainen
Last Minutes Defensive
Center Left Wing Right Wing Defense Defense
Logan Couture Kyle Clifford Ilya Kovalchuk Robert Hagg Jeff Schultz
Goaltenders
Starting : Petr Mrazek
Backup : Thomas McCollum
Extra Forwards
Normal : Kyle Clifford, Jujhar Khaira, William Nylander - PP : Benoit Pouliot, Ilya Kovalchuk - PK : Kyle Clifford
Extra Defensemen
Normal : Rasmus Ristolainen, Jake McCabe, Jeff Schultz - PP : Jeff Schultz - PK : Jeff Schultz, Rasmus Ristolainen
Penalty Shots
Ilya Kovalchuk, Benoit Pouliot, Mikko Rantanen, Logan Couture, Auston Matthews
Scratches
Darnell Nurse (Strained Left Knee Injury), Drew Stafford (Healthy), Mark Fistric (Healthy), Peter Regin (Healthy)
% Time on Ice - Red Wings
Lines # - Real PCT - Wanted PCT - Time Play
Normal Forward
1 - 33% - 35% - 16:11
2 - 33% - 35% - 16:26
3 - 19% - 20% - 9:20
4 - 15% - 10% - 7:33
Normal Defense
1 - 38% - 40% - 18:54
2 - 32% - 30% - 15:51
3 - 20% - 20% - 10:08
4 - 9% - 10% - 4:37
PP Forward
1 - 56% - 60% - 3:10
2 - 44% - 40% - 2:32
PP Defense
1 - 55% - 60% - 3:09
2 - 45% - 40% - 2:33
PK Forward
1 - 81% - 60% - 3:52
2 - 19% - 40% - 0:56
PK Defense
1 - 61% - 60% - 2:56
2 - 39% - 40% - 1:52
PK3 Forward
1 - 0% - 60%
2 - 0% - 40%
PK3 Defense
1 - 0% - 60%
2 - 0% - 40%
44 Forward
1 - 0% - 60%
2 - 0% - 40%
44 Defense
1 - 0% - 60%
2 - 0% - 40%
Last Minute Offensive - 0:00
Last Minute Defensive - 0:00
Total
Forward - 60:00
Defense - 60:00
|
% Time on Ice - Kings
Lines # - Real PCT - Wanted PCT - Time Play
Normal Forward
1 - 25% - 25% - 12:20
2 - 24% - 25% - 12:04
3 - 26% - 25% - 12:54
4 - 25% - 25% - 12:12
Normal Defense
1 - 39% - 40% - 19:11
2 - 39% - 40% - 19:32
3 - 17% - 15% - 8:11
4 - 5% - 5% - 2:36
PP Forward
1 - 51% - 50% - 2:26
2 - 49% - 50% - 2:22
PP Defense
1 - 73% - 70% - 3:31
2 - 27% - 30% - 1:17
PK Forward
1 - 86% - 60% - 4:55
2 - 14% - 40% - 0:47
PK Defense
1 - 52% - 60% - 2:59
2 - 48% - 40% - 2:43
PK3 Forward
1 - 0% - 60%
2 - 0% - 40%
PK3 Defense
1 - 0% - 60%
2 - 0% - 40%
44 Forward
1 - 0% - 60%
2 - 0% - 40%
44 Defense
1 - 0% - 60%
2 - 0% - 40%
Last Minute Offensive - 0:00
Last Minute Defensive - 0:00
Total
Forward - 60:00
Defense - 60:00
|
Play-by-Play
1st period
0:01 of 1st period - Logan Couture wins face-off versus Henrik Zetterberg in neutral zone.
0:08 of 1st period - Snap shot by Logan Couture.
0:08 of 1st period - Deflect By Kyle Clifford.
0:08 of 1st period - Shot Misses the Net.
0:08 of 1st period - Puck is out of play.
0:09 of 1st period - Henrik Zetterberg wins face-off versus Logan Couture in Red Wings zone.
0:09 of 1st period - Henrik Zetterberg is hit by Kyle Clifford.
0:53 of 1st period - Wrist shot by Kyle Clifford.
0:53 of 1st period - Shot Misses the Net.
1:31 of 1st period - Snap shot by Kyle Clifford.
1:31 of 1st period - Stopped by Robin Lehner without a rebound.
1:32 of 1st period - Ryan O'Reilly wins face-off versus Auston Matthews in Red Wings zone.
1:45 of 1st period - Snap shot by Auston Matthews.
1:45 of 1st period - Stopped by Robin Lehner without a rebound.
1:46 of 1st period - Alexander Kerfoot wins face-off versus Ryan O'Reilly in Red Wings zone.
2:03 of 1st period - Wrist shot by Marko Dano.
2:03 of 1st period - Deflect By Dylan Larkin.
2:03 of 1st period - Shot Misses the Net.
2:03 of 1st period - Puck is out of play.
2:04 of 1st period - Kyle Okposo wins face-off versus Jamie Arniel in Kings zone.
2:04 of 1st period - Kyle Okposo is hit by Philip Samuelsson.
2:10 of 1st period - Wrist shot by Carson Mcmillan.
2:10 of 1st period - Shot Misses the Net.
2:54 of 1st period - Wrist shot by Tyler Bertuzzi.
2:54 of 1st period - Shot Blocked by Thomas Chabot.
2:56 of 1st period - Slapshot by Ryan O'Byrne.
2:56 of 1st period - Shot Hit the Post.
2:58 of 1st period - Slapshot by Ryan O'Byrne.
2:58 of 1st period - Stopped by Petr Mrazek with a rebound.
3:00 of 1st period - Slapshot by Philip Samuelsson.
3:00 of 1st period - Stopped by Petr Mrazek with a rebound.
3:22 of 1st period - Off-side.
3:23 of 1st period - Ryan O'Reilly wins face-off versus Auston Matthews in neutral zone.
3:49 of 1st period - Beau Bennett is hit by Jujhar Khaira and loses puck.
4:40 of 1st period - Snap shot by Marko Dano.
4:40 of 1st period - Stopped by Petr Mrazek without a rebound.
4:41 of 1st period - Ryan O'Reilly wins face-off versus Alexander Kerfoot in Kings zone.
5:08 of 1st period - Cody Franson is hit by Ilya Kovalchuk and loses puck.
5:15 of 1st period - Wrist shot by Auston Matthews.
5:15 of 1st period - Shot Blocked by Beau Bennett.
5:19 of 1st period - Slapshot by Benoit Pouliot.
5:19 of 1st period - Shot Misses the Net.
5:49 of 1st period - Snap shot by Tyler Bertuzzi.
5:49 of 1st period - Stopped by Petr Mrazek with a rebound.
6:13 of 1st period - Wrist shot by Rasmus Ristolainen.
6:13 of 1st period - Shot Blocked by Marko Dano.
7:01 of 1st period - Snap shot by Logan Couture.
7:01 of 1st period - Stopped by Robin Lehner with a rebound.
7:49 of 1st period - Snap shot by Mitch Marner.
7:49 of 1st period - Shot Misses the Net.
8:07 of 1st period - Snap shot by Kyle Okposo.
8:07 of 1st period - Stopped by Robin Lehner without a rebound.
8:08 of 1st period - Alexander Kerfoot wins face-off versus Ryan O'Reilly in Red Wings zone.
8:20 of 1st period - Ryan O'Byrne is hit by Ole-Kristian Tollefsen and loses puck.
8:33 of 1st period - Ilya Kovalchuk is hit by Philip Samuelsson and loses puck.
8:48 of 1st period - Benoit Pouliot is hit by Nino Niederreiter and loses puck.
9:11 of 1st period - Slapshot by Kyle Clifford.
9:11 of 1st period - Shot Misses the Net.
9:13 of 1st period - Snap shot by Logan Couture.
9:13 of 1st period - Stopped by Robin Lehner with a rebound.
9:27 of 1st period - Tomas Kundratek is hit by Jujhar Khaira and loses puck.
9:49 of 1st period - Slapshot by Beau Bennett.
9:49 of 1st period - Deflect By Robert Hagg.
9:49 of 1st period - Shot Misses the Net.
9:49 of 1st period - Puck is out of play.
9:50 of 1st period - Ryan O'Reilly wins face-off versus Kyle Okposo in Kings zone.
10:05 of 1st period - Snap shot by Dylan Larkin.
10:05 of 1st period - Stopped by Petr Mrazek with a rebound.
10:43 of 1st period - Snap shot by Benoit Pouliot.
10:43 of 1st period - Stopped by Robin Lehner without a rebound.
10:44 of 1st period - Jamie Arniel wins face-off versus Auston Matthews in Red Wings zone.
10:55 of 1st period - Wrist shot by Tyler Bertuzzi.
10:55 of 1st period - Shot Blocked by Robert Hagg.
10:57 of 1st period - Snap shot by Carson Mcmillan.
10:57 of 1st period - Shot Blocked by Robert Hagg.
11:26 of 1st period - Wrist shot by Jamie Arniel.
11:26 of 1st period - Shot Misses the Net.
11:52 of 1st period - Wrist shot by Jamie Arniel.
11:52 of 1st period - Shot Blocked by Rasmus Ristolainen.
11:54 of 1st period - Wrist shot by Carson Mcmillan.
11:54 of 1st period - Shot Blocked by Rasmus Ristolainen.
11:56 of 1st period - Snap shot by Jamie Arniel.
11:56 of 1st period - Shot Misses the Net.
11:58 of 1st period - Slapshot by Jamie Arniel.
11:58 of 1st period - Stopped by Petr Mrazek without a rebound.
11:59 of 1st period - Mikko Rantanen wins face-off versus Ryan O'Reilly in Kings zone.
11:59 of 1st period - Mikko Rantanen is hit by Drew Fata.
12:05 of 1st period - Drew Fata is hit by Jujhar Khaira and loses puck.
12:24 of 1st period - Jake McCabe is hit by Drew Fata and loses puck.
12:33 of 1st period - Snap shot by Nino Niederreiter.
12:33 of 1st period - Shot Misses the Net.
12:35 of 1st period - Backhand shot by Nino Niederreiter.
12:35 of 1st period - Stopped by Petr Mrazek without a rebound.
12:36 of 1st period - Henrik Zetterberg wins face-off versus Alexander Kerfoot in Kings zone.
12:45 of 1st period - Snap shot by Nino Niederreiter.
12:45 of 1st period - Shot Misses the Net.
12:47 of 1st period - Wrist shot by Nino Niederreiter.
12:47 of 1st period - Shot Misses the Net.
12:49 of 1st period - Slapshot by Nino Niederreiter.
12:49 of 1st period - Stopped by Petr Mrazek with a rebound.
12:51 of 1st period - Wrist shot by Ryan O'Byrne.
12:51 of 1st period - Deflect By Henrik Zetterberg.
12:51 of 1st period - Stopped by Petr Mrazek without a rebound.
12:52 of 1st period - Kyle Okposo wins face-off versus Ryan O'Reilly in Kings zone.
12:57 of 1st period - Marko Dano is hit by Ole-Kristian Tollefsen and loses puck.
13:47 of 1st period - Slapshot by T.J. Hensick.
13:47 of 1st period - Stopped by Petr Mrazek with a rebound.
14:24 of 1st period - Slapshot by Rasmus Ristolainen.
14:24 of 1st period - Shot Blocked by Ryan O'Byrne.
14:26 of 1st period - Snap shot by Kyle Okposo.
14:26 of 1st period - Stopped by Robin Lehner with a rebound.
14:57 of 1st period - Slapshot by Rasmus Ristolainen.
14:57 of 1st period - Shot Blocked by Michael Haley.
14:59 of 1st period - Slapshot by Rasmus Ristolainen.
14:59 of 1st period - Stopped by Robin Lehner without a rebound.
15:00 of 1st period - Auston Matthews wins face-off versus T.J. Hensick in Red Wings zone.
15:01 of 1st period - Snap shot by Benoit Pouliot.
15:01 of 1st period - Shot Misses the Net.
15:15 of 1st period - Snap shot by T.J. Hensick.
15:15 of 1st period - Shot Misses the Net.
16:31 of 1st period - Wrist shot by Benoit Pouliot.
16:31 of 1st period - Shot Misses the Net.
16:38 of 1st period - Off-side.
16:39 of 1st period - Alexander Kerfoot wins face-off versus Ryan O'Reilly in neutral zone.
17:40 of 1st period - Jeff Schultz is hit by T.J. Hensick and loses puck.
17:57 of 1st period - Wrist shot by Ryan O'Reilly.
17:57 of 1st period - Deflect By Dylan Larkin.
17:57 of 1st period - Shot Misses the Net.
17:57 of 1st period - Puck is out of play.
17:58 of 1st period - Ryan O'Reilly wins face-off versus Alexander Kerfoot in Kings zone.
18:21 of 1st period - Penalty Shot by Ole-Kristian Tollefsen for Kings.
18:21 of 1st period - Snap shot by Ole-Kristian Tollefsen.
18:21 of 1st period - Stopped by Robin Lehner.
18:22 of 1st period - Henrik Zetterberg wins face-off versus Auston Matthews in Kings zone.
18:29 of 1st period - Snap shot by Connor Brown.
18:29 of 1st period - Stopped by Petr Mrazek without a rebound.
18:30 of 1st period - Henrik Zetterberg wins face-off versus Auston Matthews in Kings zone.
18:35 of 1st period - Wrist shot by Nino Niederreiter.
18:35 of 1st period - Shot Blocked by Jake McCabe.
18:41 of 1st period - Wrist shot by Auston Matthews.
18:41 of 1st period - Stopped by Robin Lehner without a rebound.
18:42 of 1st period - Ryan O'Reilly wins face-off versus Kyle Okposo in Red Wings zone.
18:51 of 1st period - Snap shot by William Nylander.
18:51 of 1st period - Stopped by Robin Lehner with a rebound.
18:53 of 1st period - Snap shot by Kyle Okposo.
18:53 of 1st period - Goal by Kyle Okposo - Red Wings : 0 - Kings : 1.
18:54 of 1st period - Ryan O'Reilly wins face-off versus Alexander Kerfoot in neutral zone.
19:27 of 1st period - Snap shot by Auston Matthews.
19:27 of 1st period - Stopped by Robin Lehner with a rebound.
19:29 of 1st period - Snap shot by Jake McCabe.
19:29 of 1st period - Shot Misses the Net.
19:31 of 1st period - Slapshot by Jeff Schultz.
19:31 of 1st period - Stopped by Robin Lehner with a rebound.
19:33 of 1st period - Slapshot by Jake McCabe.
19:33 of 1st period - Stopped by Robin Lehner with a rebound.
19:35 of 1st period - Snap shot by Jeff Schultz.
19:35 of 1st period - Stopped by Robin Lehner without a rebound.
19:36 of 1st period - Kyle Okposo wins face-off versus Henrik Zetterberg in Red Wings zone.
19:45 of 1st period - Backhand shot by William Nylander.
19:45 of 1st period - Goal by William Nylander - Red Wings : 0 - Kings : 2.
19:46 of 1st period - Logan Couture wins face-off versus Henrik Zetterberg in neutral zone.
Goals for this period are 0 for Red Wings vs 2 for Kings.
Shots for this period are 11 for Red Wings vs 16 for Kings.
2nd period
0:01 of 2nd period - William Nylander wins face-off versus Ryan O'Reilly in neutral zone.
0:16 of 2nd period - Snap shot by Mitch Marner.
0:16 of 2nd period - Stopped by Robin Lehner without a rebound.
0:17 of 2nd period - Henrik Zetterberg wins face-off versus Mikko Rantanen in Red Wings zone.
0:19 of 2nd period - Minor Penalty to Henrik Zetterberg for Slashing.
0:20 of 2nd period - T.J. Hensick wins face-off versus Auston Matthews in Red Wings zone.
0:54 of 2nd period - Wrist shot by William Nylander.
0:54 of 2nd period - Shot Misses the Net.
0:56 of 2nd period - Slapshot by William Nylander.
0:56 of 2nd period - Kings goal is going for a video replay.
0:56 of 2nd period - The goal is good.
0:56 of 2nd period - Goal by William Nylander - Red Wings : 0 - Kings : 3.
0:57 of 2nd period - Alexander Kerfoot wins face-off versus Henrik Zetterberg in neutral zone.
0:57 of 2nd period - Alexander Kerfoot is hit by Erik Gudbranson.
1:00 of 2nd period - Rasmus Ristolainen is hit by Erik Gudbranson and loses puck.
1:30 of 2nd period - Slapshot by Benoit Pouliot.
1:30 of 2nd period - Stopped by Robin Lehner without a rebound.
1:31 of 2nd period - Logan Couture wins face-off versus Dylan Larkin in Red Wings zone.
2:00 of 2nd period - Icing by Dylan Larkin.
2:01 of 2nd period - Auston Matthews wins face-off versus Ryan O'Reilly in Red Wings zone.
2:06 of 2nd period - Snap shot by Benoit Pouliot.
2:06 of 2nd period - Stopped by Robin Lehner without a rebound.
2:07 of 2nd period - Connor Brown wins face-off versus Kyle Okposo in Red Wings zone.
2:36 of 2nd period - Tomas Kundratek is hit by Jason Pominville and loses puck.
2:49 of 2nd period - Slapshot by Connor Brown.
2:49 of 2nd period - Deflect By Nino Niederreiter.
2:49 of 2nd period - Stopped by Petr Mrazek without a rebound.
2:50 of 2nd period - Alexander Kerfoot wins face-off versus Ryan O'Reilly in Kings zone.
3:47 of 2nd period - Wrist shot by T.J. Hensick.
3:47 of 2nd period - Stopped by Petr Mrazek without a rebound.
3:48 of 2nd period - Mikko Rantanen wins face-off versus Henrik Zetterberg in Kings zone.
4:13 of 2nd period - Jake McCabe is hit by Marko Dano and loses puck.
4:30 of 2nd period - Logan Couture is hit by Philip Samuelsson and loses puck.
5:17 of 2nd period - Minor Penalty to Ilya Kovalchuk for High sticking.
5:18 of 2nd period - Henrik Zetterberg wins face-off versus Logan Couture in Kings zone.
5:21 of 2nd period - Snap shot by Nino Niederreiter.
5:21 of 2nd period - Stopped by Petr Mrazek without a rebound.
5:22 of 2nd period - Henrik Zetterberg wins face-off versus Logan Couture in Kings zone.
5:29 of 2nd period - Wrist shot by Connor Brown.
5:29 of 2nd period - Stopped by Petr Mrazek without a rebound.
5:30 of 2nd period - Henrik Zetterberg wins face-off versus Logan Couture in Kings zone.
5:41 of 2nd period - Snap shot by Nino Niederreiter.
5:41 of 2nd period - Stopped by Petr Mrazek with a rebound.
5:43 of 2nd period - Snap shot by Tyler Bertuzzi.
5:43 of 2nd period - Deflect By Henrik Zetterberg.
5:43 of 2nd period - Goal by Henrik Zetterberg - Red Wings : 1 - Kings : 3.
5:44 of 2nd period - Alexander Kerfoot wins face-off versus Ryan O'Reilly in neutral zone.
6:09 of 2nd period - William Nylander is hit by Connor Brown and loses puck.
6:14 of 2nd period - Wrist shot by Nino Niederreiter.
6:14 of 2nd period - Stopped by Petr Mrazek with a rebound.
6:19 of 2nd period - Minor Penalty to Henrik Zetterberg for Hooking.
6:20 of 2nd period - Alexander Kerfoot wins face-off versus T.J. Hensick in Red Wings zone.
6:27 of 2nd period - Off-side.
6:28 of 2nd period - Alexander Kerfoot wins face-off versus T.J. Hensick in neutral zone.
7:37 of 2nd period - Snap shot by Marko Dano.
7:37 of 2nd period - Stopped by Petr Mrazek with a rebound.
7:51 of 2nd period - Philip Samuelsson is hit by Mikko Rantanen and loses puck.
8:12 of 2nd period - Erik Gudbranson is hit by Rasmus Ristolainen and loses puck.
8:19 of 2nd period - Penalty to Henrik Zetterberg is over, Henrik Zetterberg is back on ice.
9:24 of 2nd period - Kyle Clifford is hit by Carson Mcmillan and loses puck.
9:30 of 2nd period - Minor Penalty to Connor Brown for Cross-checking.
9:31 of 2nd period - Alexander Kerfoot wins face-off versus Carson Mcmillan in Red Wings zone.
9:43 of 2nd period - Slapshot by Rasmus Ristolainen.
9:43 of 2nd period - Goal by Rasmus Ristolainen - Red Wings : 1 - Kings : 4.
9:44 of 2nd period - Kyle Okposo wins face-off versus Henrik Zetterberg in neutral zone.
9:47 of 2nd period - Ryan O'Byrne is hit by Mitch Marner.
10:11 of 2nd period - Ryan O'Byrne is hit by Alexander Kerfoot and loses puck.
11:07 of 2nd period - Icing by Ryan O'Byrne.
11:08 of 2nd period - Henrik Zetterberg wins face-off versus Kyle Okposo in Red Wings zone.
11:37 of 2nd period - Slapshot by Rasmus Ristolainen.
11:37 of 2nd period - Shot Misses the Net.
12:33 of 2nd period - Snap shot by Auston Matthews.
12:33 of 2nd period - Deflect By Benoit Pouliot.
12:33 of 2nd period - Shot Misses the Net.
12:33 of 2nd period - Puck is out of play.
12:34 of 2nd period - Henrik Zetterberg wins face-off versus Jujhar Khaira in Red Wings zone.
12:34 of 2nd period - Henrik Zetterberg is hit by Jujhar Khaira.
13:01 of 2nd period - Minor Penalty to Mikko Rantanen for Roughing.
13:02 of 2nd period - Logan Couture wins face-off versus Henrik Zetterberg in Kings zone.
14:56 of 2nd period - Jake McCabe is hit by Jamie Arniel.
15:01 of 2nd period - Penalty to Mikko Rantanen is over, Mikko Rantanen is back on ice.
15:20 of 2nd period - Slapshot by Jake McCabe.
15:20 of 2nd period - Shot Blocked by Cody Franson.
17:36 of 2nd period - Icing by Dylan Larkin.
17:37 of 2nd period - Ryan O'Reilly wins face-off versus Logan Couture in Red Wings zone.
18:02 of 2nd period - Wrist shot by Nino Niederreiter.
18:02 of 2nd period - Shot Misses the Net.
18:12 of 2nd period - Minor Penalty to Tomas Kundratek for Slashing.
18:13 of 2nd period - Auston Matthews wins face-off versus T.J. Hensick in Red Wings zone.
18:24 of 2nd period - Slapshot by Rasmus Ristolainen.
18:24 of 2nd period - Stopped by Robin Lehner with a rebound.
18:51 of 2nd period - William Nylander is hit by Michael Haley and loses puck.
18:58 of 2nd period - Slapshot by Drew Fata.
18:58 of 2nd period - Stopped by Petr Mrazek without a rebound.
18:59 of 2nd period - Alexander Kerfoot wins face-off versus T.J. Hensick in Kings zone.
19:04 of 2nd period - Slapshot by Kyle Okposo.
19:04 of 2nd period - Stopped by Robin Lehner without a rebound.
19:05 of 2nd period - Alexander Kerfoot wins face-off versus T.J. Hensick in Red Wings zone.
Goals for this period are 1 for Red Wings vs 2 for Kings.
Shots for this period are 9 for Red Wings vs 7 for Kings.
3rd period
0:01 of 3rd period - Auston Matthews wins face-off versus T.J. Hensick in neutral zone.
0:12 of 3rd period - Penalty to Tomas Kundratek is over, Tomas Kundratek is back on ice.
1:13 of 3rd period - Backhand shot by Ryan O'Byrne.
1:13 of 3rd period - Deflect By Jamie Arniel.
1:13 of 3rd period - Shot Misses the Net.
1:13 of 3rd period - Puck is out of play.
1:14 of 3rd period - Henrik Zetterberg wins face-off versus Kyle Okposo in Kings zone.
1:15 of 3rd period - Snap shot by Nino Niederreiter.
1:15 of 3rd period - Stopped by Petr Mrazek without a rebound.
1:16 of 3rd period - Henrik Zetterberg wins face-off versus Kyle Okposo in Kings zone.
1:23 of 3rd period - Wrist shot by Nino Niederreiter.
1:23 of 3rd period - Shot Misses the Net.
1:43 of 3rd period - Marko Dano is hit by Jujhar Khaira and loses puck.
3:31 of 3rd period - Wrist shot by Ilya Kovalchuk.
3:31 of 3rd period - Stopped by Robin Lehner with a rebound.
3:33 of 3rd period - Slapshot by Ilya Kovalchuk.
3:33 of 3rd period - Stopped by Robin Lehner with a rebound.
3:35 of 3rd period - Snap shot by Benoit Pouliot.
3:35 of 3rd period - Deflect By Auston Matthews.
3:35 of 3rd period - Shot Misses the Net.
3:35 of 3rd period - Puck is out of play.
3:36 of 3rd period - Henrik Zetterberg wins face-off versus Alexander Kerfoot in Red Wings zone.
3:36 of 3rd period - Henrik Zetterberg is hit by Alexander Kerfoot.
4:30 of 3rd period - Wrist shot by Carson Mcmillan.
4:30 of 3rd period - Stopped by Petr Mrazek with a rebound.
4:32 of 3rd period - Minor Penalty to Ilya Kovalchuk for Tripping.
4:33 of 3rd period - Henrik Zetterberg wins face-off versus Logan Couture in Kings zone.
4:44 of 3rd period - Snap shot by Nino Niederreiter.
4:44 of 3rd period - Shot Misses the Net.
4:46 of 3rd period - Slapshot by Tyler Bertuzzi.
4:46 of 3rd period - Deflect By Jeff Schultz.
4:46 of 3rd period - Stopped by Petr Mrazek with a rebound.
5:23 of 3rd period - Off-side.
5:24 of 3rd period - Henrik Zetterberg wins face-off versus Kyle Clifford in neutral zone.
5:59 of 3rd period - Snap shot by Ryan O'Reilly.
5:59 of 3rd period - Shot Misses the Net.
6:32 of 3rd period - Penalty to Ilya Kovalchuk is over, Ilya Kovalchuk is back on ice.
6:45 of 3rd period - Wrist shot by T.J. Hensick.
6:45 of 3rd period - Shot Misses the Net.
7:11 of 3rd period - Backhand shot by William Nylander.
7:11 of 3rd period - Shot Misses the Net.
7:13 of 3rd period - Snap shot by Mitch Marner.
7:13 of 3rd period - Shot Blocked by Cody Franson.
7:15 of 3rd period - Slapshot by Ole-Kristian Tollefsen.
7:15 of 3rd period - Stopped by Robin Lehner without a rebound.
7:16 of 3rd period - Kyle Okposo wins face-off versus Ryan O'Reilly in Red Wings zone.
8:36 of 3rd period - Carson Mcmillan is hit by Ole-Kristian Tollefsen and loses puck.
8:55 of 3rd period - Snap shot by Marko Dano.
8:55 of 3rd period - Deflect By Dylan Larkin.
8:55 of 3rd period - Shot Misses the Net.
8:55 of 3rd period - Puck is out of play.
8:56 of 3rd period - Auston Matthews wins face-off versus Ryan O'Reilly in Kings zone.
9:37 of 3rd period - Wrist shot by Marko Dano.
9:37 of 3rd period - Stopped by Petr Mrazek with a rebound.
9:39 of 3rd period - Snap shot by Dylan Larkin.
9:39 of 3rd period - Stopped by Petr Mrazek with a rebound.
9:41 of 3rd period - Snap shot by Dylan Larkin.
9:41 of 3rd period - Stopped by Petr Mrazek with a rebound.
10:01 of 3rd period - Slapshot by Alexander Kerfoot.
10:01 of 3rd period - Stopped by Robin Lehner without a rebound.
10:02 of 3rd period - Henrik Zetterberg wins face-off versus Auston Matthews in Red Wings zone.
10:09 of 3rd period - Ilya Kovalchuk is hit by Henrik Zetterberg.
10:37 of 3rd period - Slapshot by Rasmus Ristolainen.
10:37 of 3rd period - Shot Blocked by Michael Haley.
10:47 of 3rd period - Drew Fata is hit by Rasmus Ristolainen and loses puck.
11:00 of 3rd period - Slapshot by Erik Gudbranson.
11:00 of 3rd period - Shot Blocked by Rasmus Ristolainen.
11:02 of 3rd period - Slapshot by Erik Gudbranson.
11:02 of 3rd period - Shot Misses the Net.
11:08 of 3rd period - Slapshot by Erik Gudbranson.
11:08 of 3rd period - Stopped by Petr Mrazek without a rebound.
11:09 of 3rd period - Logan Couture wins face-off versus Henrik Zetterberg in Kings zone.
11:14 of 3rd period - Slapshot by Nino Niederreiter.
11:14 of 3rd period - Stopped by Petr Mrazek without a rebound.
11:15 of 3rd period - Henrik Zetterberg wins face-off versus Logan Couture in Kings zone.
11:22 of 3rd period - Snap shot by Connor Brown.
11:22 of 3rd period - Shot Blocked by Jake McCabe.
11:24 of 3rd period - Slapshot by Ryan O'Byrne.
11:24 of 3rd period - Stopped by Petr Mrazek without a rebound.
11:25 of 3rd period - Henrik Zetterberg wins face-off versus Auston Matthews in Kings zone.
11:42 of 3rd period - Slapshot by Jake McCabe.
11:42 of 3rd period - Stopped by Robin Lehner with a rebound.
11:56 of 3rd period - Snap shot by Jason Pominville.
11:56 of 3rd period - Shot Misses the Net.
11:58 of 3rd period - Wrist shot by Kyle Clifford.
11:58 of 3rd period - Shot Misses the Net.
12:00 of 3rd period - Slapshot by Ole-Kristian Tollefsen.
12:00 of 3rd period - Stopped by Robin Lehner with a rebound.
12:02 of 3rd period - Slapshot by Ole-Kristian Tollefsen.
12:02 of 3rd period - Stopped by Robin Lehner with a rebound.
12:04 of 3rd period - Snap shot by Logan Couture.
12:04 of 3rd period - Stopped by Robin Lehner without a rebound.
12:05 of 3rd period - Ryan O'Reilly wins face-off versus Alexander Kerfoot in Red Wings zone.
12:05 of 3rd period - Ryan O'Reilly is hit by Jake McCabe.
12:43 of 3rd period - Snap shot by Tyler Bertuzzi.
12:43 of 3rd period - Deflect By Jamie Arniel.
12:43 of 3rd period - Shot Misses the Net.
12:43 of 3rd period - Puck is out of play.
12:44 of 3rd period - Henrik Zetterberg wins face-off versus Alexander Kerfoot in Kings zone.
13:03 of 3rd period - Henrik Zetterberg is hit by Jujhar Khaira and loses puck.
13:38 of 3rd period - Wrist shot by Connor Brown.
13:38 of 3rd period - Stopped by Petr Mrazek with a rebound.
14:22 of 3rd period - Slapshot by Philip Samuelsson.
14:22 of 3rd period - Stopped by Petr Mrazek without a rebound.
14:23 of 3rd period - Logan Couture wins face-off versus Ryan O'Reilly in Kings zone.
14:23 of 3rd period - Logan Couture is hit by Erik Gudbranson.
16:04 of 3rd period - Snap shot by Jamie Arniel.
16:04 of 3rd period - Shot Blocked by Mitch Marner.
16:26 of 3rd period - Icing by Jeff Schultz.
16:27 of 3rd period - Logan Couture wins face-off versus Beau Bennett in Kings zone.
16:36 of 3rd period - Wrist shot by Kyle Clifford.
16:36 of 3rd period - Stopped by Robin Lehner with a rebound.
16:38 of 3rd period - Slapshot by Jake McCabe.
16:38 of 3rd period - Stopped by Robin Lehner with a rebound.
17:49 of 3rd period - Thomas Chabot is hit by Ryan O'Byrne and loses puck.
18:24 of 3rd period - Slapshot by Tomas Kundratek.
18:24 of 3rd period - Stopped by Petr Mrazek without a rebound.
18:25 of 3rd period - Ryan O'Reilly wins face-off versus Kyle Okposo in Kings zone.
18:34 of 3rd period - Backhand shot by Marko Dano.
18:34 of 3rd period - Stopped by Petr Mrazek without a rebound.
18:35 of 3rd period - Henrik Zetterberg wins face-off versus Auston Matthews in Kings zone.
18:41 of 3rd period - Minor Penalty to Jeff Schultz for Interference.
18:42 of 3rd period - Henrik Zetterberg wins face-off versus Logan Couture in Kings zone.
18:45 of 3rd period - Snap shot by Nino Niederreiter.
18:45 of 3rd period - Shot Misses the Net.
19:17 of 3rd period - Ole-Kristian Tollefsen is hit by Drew Fata and loses puck.
Goals for this period are 0 for Red Wings vs 0 for Kings.
Shots for this period are 13 for Red Wings vs 10 for Kings.